 Dungeon Crawl Stone Soup version 0.29-a0-575-g0dc89cf053 (webtiles) character file.

Game seed: 13783920302651340658

618506 Ijustatesigmund the Metallomancer (level 27, -3/173 HPs)
             Began as a Gargoyle Earth Elementalist on June 10, 2022.
             Was the Champion of Cheibriados.
             Killed by dispel undead
             ... invoked by a Tzitzimitl
              (56 damage)
             ... on level 9 of a ziggurat on June 13, 2022.
             The game lasted 05:50:32 (87113 turns).

Ijustatesigmund the Metallomancer (GrEE)           Turns: 87113, Time: 05:50:33

Health: -3/173     AC: 57    Str: 30    XL:     27
Magic:  1/38       EV: 21    Int: 43    God:    Cheibriados [******]
Gold:   3006       SH: 23    Dex: 32    Spells: 1/49 levels left

rFire   . . .      SeeInvis +   M - +9 demon whip (protect)
rCold   + . .      Faith    .   O - +5 kite shield {AC+3}
rNeg    + + +      Spirit   .   j - +3 robe of Kleptomania {rPois Regen+ SInv}
rPois   ∞          Reflect  .   m - +1 helmet "Oderikk" {Regen+ Dex+7 Stlth-}
rElec   +          Harm     .   w - +2 cloak {rCorr}
rCorr   +          Rampage  .   e - +2 pair of gloves {Str+3}
Will    +++..                   X - +2 pair of boots
Stlth   +++.......              W - amulet of the Rescuing Gods {Acrobat Regen+}
HPRegen 2.78/turn               g - ring of the Octopus King {Wiz HP+2 AC+2 EV+2 SH+2}
MPRegen 0.26/turn               E - ring "Gowk" {Wiz rN+ Will- Slay+2}

@: lich-form, magic-sapped, unable to cast spells, under a protective aura,
flying, very slightly contaminated, studying Maces & Flails, very slow
A: draining attack, torment immunity, no potions, flying, sickness immunity, AC
+20, big wings, negative energy resistance 1, electricity resistance, torment
resistance 1, petrification resistance, strong-willed 1, weak 1
}: 4/15 runes: decaying, slimy, silver, gossamer
a: End Transformation, Renounce Religion, Bend Time, Temporal Distortion,
Slouch, Step From Time


You were on level 9 of a ziggurat.
You worshipped Cheibriados.
Cheibriados was exalted by your worship.
You were an undead lich.
You visited 12 branches of the dungeon, and saw 53 of its levels.
You visited 1 bazaar.
You visited 1 ziggurat, and saw 9 of its levels.
You also visited: Trove, Gauntlet and Wizlab.

You collected 7537 gold pieces.
You spent 4531 gold pieces at shops.

Inventory:

Hand Weapons
 A - the +9 staff of Olgreb {rPois∞}
   (You found it on level 2 of a ziggurat)

   If the wielder is skilled in Evocations, they can envenom those struck by it,
   dealing poison damage which bypasses armour.
   It enhances your poison magic.
   It grants immunity to poison.
   It can be activated via the 'a'bility menu to radiate toxic energy, with
   effectiveness depending on Evocations skill.
 D - the +12 hand crossbow of Huriq {freeze, Drain rElec rF++ Int+4}
   (You found it on level 2 of the Depths)

   Any ammunition fired from it freezes those it strikes, dealing additional
   cold damage.
   It can also slow down cold-blooded creatures.
   Int:       It affects your intelligence (+4).
   rF:        It greatly protects you from fire.
   rElec:     It insulates you from electricity.
   Drain:     It drains your maximum health when unequipped.
 I - a +7 eveningstar of venom
 M - a +9 demon whip of protection (weapon)
Armour
 e - a +2 pair of gloves of strength (worn)
 j - the +3 robe of Kleptomania (worn) {rPois Regen+ SInv}
   (You bought it in a shop in a bazaar)

   rPois:     It protects you from poison.
   SInv:      It lets you see invisible.
   Regen:     It increases your rate of health regeneration.
 m - the +1 helmet "Oderikk" (worn) {Regen+ Dex+7 Stlth-}
   (You acquired it on level 3 of the Dungeon)

   Dex:       It affects your dexterity (+7).
   Regen:     It increases your rate of health regeneration.
   Stlth:     It makes you less stealthy.
 w - a +2 cloak of preservation (worn)
 O - a +5 kite shield of protection (worn)
 X - a +2 pair of boots (worn)
Jewellery
 b - the ring "Xitape Ote" {rF+ Will+ Int+4 Slay+3}
   (You found it in a treasure trove)

   [ring of willpower]

   Int:       It affects your intelligence (+4).
   Slay:      It affects your accuracy & damage with ranged weapons and melee
   (+3).
   rF:        It protects you from fire.
   Will:      It increases your willpower.
 d - the ring of Zomurph {rC++ rN+ Int+4}
   (You found it on level 3 of the Crypt)

   [ring of positive energy]

   Int:       It affects your intelligence (+4).
   rC:        It greatly protects you from cold.
   rN:        It protects you from negative energy.
 g - a ring of the Octopus King (left hand) {Wiz HP+2 AC+2 EV+2 SH+2}
   (You found it in a treasure trove)

   [ring of wizardry]

   It improves your spell success rate.
   AC:        It affects your AC (+2).
   EV:        It affects your evasion (+2).
   HP:        It affects your health (+2).
   SH:        It affects your SH (+2).
 i - the amulet "Plog" {Reflect Dex+5 SH+5}
   (You found it in a treasure trove)

   [amulet of reflection]

   It reflects blocked missile attacks.
   Dex:       It affects your dexterity (+5).
   SH:        It affects your SH (+5).
 E - the ring "Gowk" (right hand) {Wiz rN+ Will- Slay+2}
   (You found it in a wizard's laboratory)

   [ring of wizardry]

   It improves your spell success rate.
   Slay:      It affects your accuracy & damage with ranged weapons and melee
   (+2).
   rN:        It protects you from negative energy.
   Will:      It decreases your willpower.
 H - the ring of Siluj {Will+ rCorr MP+9 Dex+5}
   (You found it on level 5 of the Pits of Slime)

   [ring of resist corrosion]

   Dex:       It affects your dexterity (+5).
   MP:        It affects your magic capacity (+9).
   rCorr:     It protects you from acid and corrosion.
   Will:      It increases your willpower.
 P - the ring "Papnu" {+Blink AC+4}
   (You found it on level 5 of the Pits of Slime)

   [ring of protection]

   AC:        It affects your AC (+4).
   +Blink:    It lets you blink.
 W - the amulet of the Rescuing Gods (around neck) {Acrobat Regen+}
   (You took it off a deep elf annihilator on level 3 of the Elven Halls)

   [amulet of the acrobat]

   It increases your evasion while moving and waiting.
   Regen:     It increases your rate of health regeneration.
 Z - the ring "Matekkay" {rF+ rN+}
   (You found it on level 3 of the Crypt)

   [ring of positive energy]

   rF:        It protects you from fire.
   rN:        It protects you from negative energy.
Wands
 k - a wand of acid (13)
 o - a wand of mindburst (23)
 p - a wand of polymorph (43)
 x - a wand of flame (45)
 B - a wand of digging (8)
 J - a wand of charming (14)
 L - a wand of paralysis (23)
 T - a wand of iceblast (7)
Scrolls
 h - 3 scrolls of silence
 q - 10 scrolls of teleportation
 r - 4 scrolls of magic mapping
 u - 2 scrolls of poison
 v - a scroll of torment
 C - 3 scrolls of fear
 G - 8 scrolls of amnesia
 R - 8 scrolls of immolation
 U - 4 scrolls of fog
 V - 12 scrolls of summoning
 Y - 6 scrolls of blinking
Potions
 a - 2 potions of berserk rage
 c - 6 potions of magic
 f - 3 potions of cancellation
 l - a potion of might
 n - 20 potions of curing
 s - 5 potions of resistance
 t - 23 potions of mutation
 y - a potion of invisibility
 z - 8 potions of ambrosia
 F - 11 potions of heal wounds
 K - 14 potions of brilliance
 N - 6 potions of attraction
 Q - 5 potions of lignification
Miscellaneous
 S - a condenser vane


   Skills:
 + Level 17.0 Fighting
 - Level 13.5 Maces & Flails
 + Level 11.2 Armour
 - Level 7.5 Dodging
 - Level 6.0 Stealth
 + Level 11.5 Shields
 - Level 11.8 Spellcasting
 - Level 14.1 Conjurations
 - Level 13.0 Summonings
 + Level 14.3 Necromancy
 + Level 14.2 Transmutations
 - Level 4.1 Fire Magic
 - Level 25.6 Earth Magic
 - Level 4.1 Poison Magic
 - Level 18.1 Invocations
 - Level 12.0 Evocations


You had one spell level left.
You knew the following spells:

 Your Spells              Type           Power      Damage    Failure   Level
a - Ignite Poison         Fire/Tmut/Pois 74%        N/A       1%          3
b - Stone Arrow           Conj/Erth      100%       3d13      0%          3
c - Passwall              Tmut/Erth      95%        N/A       0%          2
d - Iron Shot             Conj/Erth      57%        9d11      1%          6
e - Irradiate             Conj/Tmut      49%        3d29      1%          5
f - Spellforged Servitor  Conj/Summ      48%        N/A       2%          7
g - Shatter               Erth           64%        3d47*     1%          9
h - Borgnjor's Vile Clut  Necr/Erth      69%        N/A       0%          5
i - Necromutation         Tmut/Necr      61%        N/A       12%         8

Your spell library contained the following spells:

 Spells                   Type           Power      Damage    Failure   Level
 Beastly Appendage        Tmut           100%       N/A       0%          1
 Necrotize                Necr           100%       1d9       0%          1
 Sandblast                Erth           100%       2d20      0%          1
 Summon Small Mammal      Summ           100%       N/A       0%          1
 Apportation              Tloc           50%        N/A       1%          1
 Foxfire                  Conj/Fire      100%       2x1d9     1%          1
 Shock                    Conj/Air       100%       1d9       1%          1
 Sting                    Tmut/Pois      100%       1d8       1%          1
 Call Imp                 Summ           95%        N/A       0%          2
 Searing Ray              Conj           100%       2d8       0%          2
 Wereblood                Tmut           99%        N/A       0%          2
 Vampiric Draining        Necr           100%       2d13      0%          3
 Animate Armour           Summ/Erth      100%       N/A       0%          4
 Petrify                  Tmut/Erth      100%       N/A       0%          4
 Lee's Rapid Deconstruct  Erth           64%        3d30*     0%          5
 Scorch                   Fire           100%       2d10      1%          2
 Static Discharge         Conj/Air       72%        N/A       1%          2
 Call Canine Familiar     Summ           95%        N/A       1%          3
 Conjure Flame            Conj/Fire      81%        6-21      1%          3
 Dazzling Flash           Conj/Hex       100%       N/A       1%          3
 Inner Flame              Hex/Fire       43%        N/A       1%          3
 Mephitic Cloud           Conj/Pois/Air  67%        N/A       1%          3
 Spider Form              Tmut/Pois      81%        N/A       1%          3
 Summon Guardian Golem    Hex/Summ       69%        N/A       1%          3
 Animate Dead             Necr           100%       N/A       1%          4
 Corpse Rot               Necr/Pois/Air  87%        N/A       1%          4
 Dispel Undead            Necr           100%       3d31      1%          4
 Flame Wave               Conj/Fire      81%        2d14      1%          4
 Fulminant Prism          Conj/Hex       36%        3d18      1%          4
 Hailstorm                Conj/Ice       72%        3d15      1%          4
 Ice Form                 Ice/Tmut       72%        N/A       1%          4
 Iskenderun's Mystic Bla  Conj/Tloc      72%        2d15      1%          4
 Leda's Liquefaction      Hex/Erth       47%        N/A       1%          4
 Sticky Flame             Conj/Fire      81%        2d9       1%          4
 Summon Ice Beast         Ice/Summ       69%        N/A       1%          4
 Summon Lightning Spire   Summ/Air       69%        N/A       1%          4
 Agony                    Necr           100%       N/A       1%          5
 Alistair's Intoxication  Tmut/Pois      54%        N/A       1%          5
 Blade Hands              Tmut           49%        N/A       1%          5
 Fireball                 Conj/Fire      40%        3d16      1%          5
 Iskenderun's Battlesphe  Conj           99%        2d15      1%          5
 Lightning Bolt           Conj/Air       36%        1d54      1%          5
 Summon Forest            Summ/Tloc      34%        N/A       1%          5
 Summon Mana Viper        Hex/Summ       69%        N/A       1%          5
 Yara's Violent Unravell  Hex/Tmut       36%        3d15      1%          5
 Death Channel            Necr           61%        N/A       1%          6
 Summon Cactus Giant      Summ           47%        N/A       1%          6
 Dragon Form              Tmut           49%        N/A       1%          7
 Orb of Destruction       Conj           49%        9d13      1%          7
 Lehudib's Crystal Spear  Conj/Erth      57%        10d13     1%          8
 Confusing Touch          Hex            25%        N/A       2%          3
 Lesser Beckoning         Tloc           25%        N/A       2%          3
 Ozocubu's Armour         Ice            25%        N/A       2%          3
 Swiftness                Air            25%        N/A       2%          3
 Tukima's Dance           Hex            25%        N/A       2%          3
 Freezing Cloud           Conj/Ice/Air   30%        6-21      2%          5
 Eringya's Noxious Bog    Tmut/Pois      40%        N/A       2%          6
 Monstrous Menagerie      Summ           47%        N/A       2%          7
 Summon Hydra             Summ           47%        N/A       2%          7
 Conjure Ball Lightning   Conj/Air       36%        3x3d12    5%          6
 Simulacrum               Ice/Necr       46%        N/A       5%          6
 Airstrike                Air            12%        N/A       7%          4
 Cause Fear               Hex            12%        N/A       7%          4
 Passage of Golubria      Tloc           25%        N/A       7%          4
 Borgnjor's Revivificati  Necr           61%        N/A       12%         8
 Infestation              Necr           61%        N/A       12%         8
 Metabolic Englaciation   Hex/Ice        12%        N/A       17%         5
 Silence                  Hex/Air        12%        N/A       17%         5
 Death's Door             Necr           61%        N/A       83%         9
 Ignition                 Fire           28%        3d9       99%         8
 Discord                  Hex            12%        N/A       100%        8
 Maxwell's Capacitive Co  Air            12%        ∞         100%        8
 Chain Lightning          Conj/Air       36%        3d48      100%        9
 Fire Storm               Conj/Fire      40%        8d10      100%        9
 Polar Vortex             Ice            12%        N/A       100%        9
 Sublimation of Blood     Necr           Unusable   N/A       N/A         2
 Statue Form              Tmut/Erth      Unusable   N/A       N/A         6

Dungeon Overview and Level Annotations

Branches:
Dungeon (15/15)            Temple (1/1) D:7            Lair (6/6) D:11
  Swamp (4/4) Lair:3       Spider (4/4) Lair:3        Slime (5/5) Lair:5
    Orc (2/2) D:12            Elf (3/3) Orc:2        Vaults (5/5) D:13
  Crypt (3/3) Vaults:3       Tomb (0/3) Crypt:3      Depths (4/4) D:15
   Hell (visited)             Dis (0/7) Hell            Geh (0/7) Hell
    Coc (0/7) Hell            Tar (0/7) Hell            Zot (0/5) Depths:4
 WizLab (visited)         Gauntlet (visited)

Altars:
Ashenzari
Cheibriados
Dithmenos
Elyvilon
Fedhas
Gozag
Hepliaklqana
Kikubaaqudgha
Makhleb
Nemelex Xobeh
Okawaru
Qazlal
Ru
Sif Muna
Trog
Uskayaw
Vehumet
Wu Jian
Xom
Yredelemnul
Zin
The Shining One
Jiyva

Shops:
D:1 ?!(   D:5 (:   D:8 *   Orc:1 *   Orc:2 :!=[   Elf:1 [[:   Elf:3 ?![:!
Vaults:2 [   Depths:1 *

Portals:
Hell: Depths:1 Depths:2 Depths:3 Depths:4
Abyss: Depths:1 Depths:3 Depths:4
Pandemonium: Depths:2

Annotations:
Swamp:3 2 transporters, Urycu's ghost, adept MiBe
Depths:4 3 runed translucent doors
Zig:9 exclusion: orange crystal statue


Innate Abilities, Weirdness & Mutations

You are an undead lich.
Your unarmed attacks are suffused with negative energy.
You are immune to unholy pain and torment.
Your necromantic spells are more powerful.
You cannot drink.
You are flying.
You are immune to sickness and miasma.
Your stone body is resilient. (AC +20)
You are immune to poison.
Your large and strong wings let you fly.
You resist negative energy. (rN+)
You are resistant to electric shocks. (rElec)
You are resistant to unholy torment.
You are immune to petrification.
You are strong-willed. (Will+)
You are weak. (Str -2)


Message History

You hit the demonspawn warmonger but do no damage.
The demonspawn warmonger is heavily wounded.
The hellion hits your spellforged servitor.
The demonspawn blood saint hits you but does no damage.
The demonspawn black sun mumbles some strange prayers to Kikubaaqudgha against you.
You convulse!
The demonspawn warmonger hits you with a +2 dire flail of protection!
* * * LOW HITPOINT WARNING * * *
You block the demonspawn warmonger's attack. x2
Blink to where?
Press: ? - help, Dir - move target 2 orange crystal statues and a green death come into view.
As you read the scroll of blinking, it crumbles to dust.
Your spellforged servitor gestures at the hellion while chanting.
The iron shot hits the hellion!!!
Marking area around 2 orange crystal statues as unsafe for travelling.
Casting: Necromutation (dangerous; 12% risk of failure)
Confirm with . or Enter, or press ? or * to list all spells.
Really attack near your spellforged servitor?
The dungeon rumbles!
You destroy the orange crystal statue!
Cheibriados appreciates the change of pace.
You kill the hellion!
Cheibriados appreciates the change of pace.
You kill the green death!
Cheibriados appreciates the change of pace.
The Tzitzimitl is lightly wounded.
The orange crystal statue is severely damaged.
You kill the ice devil!
Cheibriados thoroughly appreciates the change of pace.
You kill the demonspawn blood saint!
Cheibriados appreciates the change of pace.
Your spellforged servitor is severely damaged.
The demonspawn black sun is almost dead.
Pizanu is lightly wounded.
The demonspawn warmonger is severely wounded.
You lose access to your magic!
The Tzitzimitl gestures at you.
You convulse!
You die...

▓▓▓▓▓▓▓▓▓▓▓
▓.........▓
▓.........▓
▓▓▓▓▓▓.........▓▓
▓................
▓........L.......
▓........).......
▓................
▓§...............
▓...)...1..8.....
▓..9)6...........
▓..6.&...........
▓.§..............
▓▓▓▓▓▓....


You could see Pizanu, a demonspawn warmonger (ally target), a Tzitzimitl, a
demonspawn black sun, an orange crystal statue and a friendly spellforged
servitor (summoned, corroded).

Vanquished Creatures
  the Royal Jelly (Slime:5)
  Dissolution (Slime:4)
  2 dread liches
  2 ancient liches
  Boris (Depths:4)
  A caustic shrike (Zig:8)
  Geryon (Hell)
  2 golden dragons
  Nikola (Elf:1)
  A mutant beast (WizLab)
  A bone dragon (Depths:4)
  The ghost of sevenfields the Gnoll Aeon, an adept GnIE of Cheibriados (Elf:3)
  A shard shrike zombie (Crypt:3)
  An iron giant (Zig:8)
  Jorgrun (Orc:1)
  2 hellephants (Depths:2)
  Mlioglotl (Spider:2)
  4 tentacled monstrosities
  Asterion (Vaults:3)
  9 liches
  5 titans
  2 deep elf master archers (Elf:3)
  A walking frostbound tome (Depths:2)
  A sphinx (shapeshifter) (WizLab)
  25 acid blobs
  2 Ice Fiends (Zig:6)
  5 ancient champions
  Kirke (Swamp:3)
  5 sphinxes
  A draconian monk (Depths:4)
  6 shadow dragons
  5 tengu reavers
  4 storm dragons
  2 revenants (Crypt:1)
  8 rockslimes
  Roxanne (Spider:3)
  2 fenstrider witches
  An emperor scorpion (Spider:1)
  7 frost giants
  An iron dragon (Zig:8)
  11 azure jellies
  A cacodemon (Depths:3)
  Louise (D:14)
  4 deep elf sorcerers
  7 fire giants
  A caustic shrike zombie (Hell)
  Aizul (Elf:1)
  2 orc warlords
  2 ghost moths
  14 vault wardens
  A balrug (Depths:3)
  A juggernaut zombie (Hell)
  7 ghouls
  2 draconian scorchers (Depths:4)
  A deep elf elementalist (Elf:3)
  7 curse skulls
  A demonspawn corrupter (Zig:9)
  19 ironbound preservers
  8 war gargoyles
  A demonspawn blood saint (Zig:9)
  A broodmother (shapeshifter) (WizLab)
  17 stone giants
  4 broodmothers
  16 very ugly things
  5 ironbound thunderhulks
  2 deep elf demonologists (Elf:3)
  2 caustic shrike skeletons
  2 spriggan defenders (Depths:4)
  12 quicksilver oozes
  A black draconian (Depths:4)
  7 reapers
  Nessos (D:14)
  5 vampire knights
  A lorocyproca (Hell)
  10 dire elephants (Vaults:2)
  4 green draconians (Depths:4)
  2 white draconians (Depths:4)
  8 deep elf annihilators
  Azrael (Elf:1)
  5 purple draconians (Depths:4)
  2 minotaurs
  A wendigo (Zig:2)
  7 bunyips
  3 eleionomae
  10 spark wasps
  7 entropy weavers
  2 yellow draconians (Depths:4)
  A red draconian (Depths:4)
  The ghost of Ojucromu the Frost Mage, a journeyman OpIE of Gozag (D:14)
  4 iron golems
  Snorg (D:12)
  7 deep elf death magi
  4 eidola
  10 ettins
  2 merfolk impalers (Elf:3)
  5 green deaths
  A merfolk javelineer (Elf:3)
  15 jiangshi
  2 blizzard demons
  2 crystal guardians (Vaults:3)
  2 shambling mangroves
  8 fire dragons
  8 great orbs of eyes
  14 yaktaur captains
  5 ice dragons
  2 deep elf high priests (Vaults:5)
  4 rakshasas
  9 boulder beetles
  39 vault guards
  24 hydras
  2 peacekeepers
  Erolcha (D:9)
  4 spriggan air magi
  4 catoblepae
  5 jorogumos
  A hell beast (Depths:2)
  4 ogre magi
  2 death knights
  2 radroaches (Spider:2)
  2 ghost crabs
  A quicksilver dragon skeleton (Hell)
  8 centaur warriors
  2 satyrs (shapeshifter) (WizLab)
  6 death yaks
  13 deep troll earth magi
  10 alligators
  28 dancing weapons
  16 two-headed ogres
  9 ironbound frosthearts
  9 tengu warriors
  6 deep troll shamans
  13 hell hogs
  A titan zombie (Crypt:1)
  An orc high priest (Orc:1)
  10 vampire magi
  7 spriggan berserkers
  A bennu skeleton (Crypt:3)
  7 soul eaters
  The ghost of raistware the Destroyer, a novice HuCj (D:8)
  A storm dragon zombie (Crypt:2)
  Nergalle (Orc:1)
  2 hell knights
  3 crystal echidnas (Zig:8)
  7 iron trolls
  17 deep elf knights
  The ghost of CryoSword the Quickloader, a novice TeHu of Fedhas (D:9)
  A shock serpent (Zig:1)
  2 shadow wraiths
  29 skeletal warriors
  Amaemon (D:9)
  2 spark wasp zombies
  4 sun demons
  4 flayed ghosts
  A sea snake (shapeshifter) (WizLab)
  8 pharaoh ants
  2 sixfirhies
  4 spriggan druids
  A goliath frog (shapeshifter) (WizLab)
  13 orb spiders
  6 swamp dragons
  2 anaconda zombies (Hell)
  A bunyip zombie (Crypt:3)
  3 goliath frogs
  6 deep elf archers
  22 ironbound convokers
  4 glowing orange brains
  2 orange crystal statues (Zig:9)
  A shadow dragon zombie (Hell)
  8 wizards
  An orb spider (shapeshifter) (WizLab)
  9 bog bodies
  3 steelbarb worms
  65 deep trolls
  21 deep elf pyromancers
  12 phantasmal warriors
  24 deep elf zephyrmancers
  A harpy (shapeshifter) (WizLab)
  An anaconda skeleton (Hell)
  A mana viper (shapeshifter) (WizLab)
  5 lindwurms
  An oklob plant (Lair:4)
  13 wolf spiders
  5 necromancers
  5 orc knights
  47 ugly things
  2 tengu skeletons
  3 frost giant zombies (Hell)
  4 will-o-the-wisps
  A salamander (Depths:1)
  3 fire giant zombies (Hell)
  A nameless horror (Depths:2)
  8 manticores
  A moth of wrath (shapeshifter) (Vaults:4)
  4 orc sorcerers
  A cyclops (shapeshifter) (WizLab)
  A shining eye (shapeshifter) (WizLab)
  3 cyclopes
  An elephant (shapeshifter) (WizLab)
  An iron dragon skeleton (Hell)
  7 shining eyes
  4 moths of wrath
  3 manticores (shapeshifter)
  2 dire elephant zombies (Hell)
  Joseph (D:7)
  15 vault sentinels
  Maurice (D:12)
  7 rust devils (Hell)
  3 ice statues
  19 elephants
  A fire giant skeleton (Depths:1)
  6 smoke demons (Hell)
  7 black mambas
  2 centaur skeletons (D:15)
  3 gargoyles
  An eye of devastation (Slime:5)
  5 orange demons
  2 hellions (Zig:9)
  5 molten gargoyles (Hell)
  3 dire elephant skeletons
  9 rime drakes
  4 torpor snails
  An unseen horror (D:11)
  11 demonic crawlers
  9 cane toads
  An unseen horror zombie (D:7)
  An alligator snapping turtle skeleton (Crypt:3)
  7 freezing wraiths
  A naga skeleton (Crypt:1)
  12 komodo dragons
  29 yaktaurs
  A golden dragon simulacrum (Zig:6)
  A kobold demonologist (Depths:3)
  A yaktaur (shapeshifter) (D:13)
  Psyche (D:9)
  2 elves (WizLab)
  A rime drake (shapeshifter) (Vaults:4)
  A hellwing (Gauntlet)
  2 ice devils
  A pale draconian skeleton (Crypt:3)
  11 tengu conjurers
  2 tormentors
  11 trolls
  A hydra zombie (Hell)
  A red devil (Depths:2)
  A queen bee (shapeshifter) (D:15)
  2 trolls (shapeshifter) (WizLab)
  4 meliai
  2 sea snake skeletons (Hell)
  A harpy skeleton (Crypt:3)
  A bloated husk (Swamp:2)
  15 hornets
  A polar bear (shapeshifter) (WizLab)
  26 tarantellas
  A wolf spider simulacrum (D:15)
  3 hornets (shapeshifter)
  4 polar bears
  A culicivora zombie (Crypt:1)
  103 slime creatures
  A wind drake (shapeshifter) (WizLab)
  3 spriggan zombies (Hell)
  2 dream sheep (shapeshifter)
  11 tyrant leeches
  2 slime creatures (shapeshifter)
  3 blink frogs (Lair:3)
  A hydra skeleton (Crypt:1)
  A stone giant simulacrum (Depths:1)
  9 small abominations (WizLab)
  5 dream sheep (Lair:5)
  A centaur simulacrum (D:15)
  5 flying skulls (Crypt:2)
  A guardian serpent skeleton (Crypt:2)
  29 jumping spiders
  5 shadows
  4 air elementals
  A jumping spider (shapeshifter) (Vaults:5)
  A culicivora (shapeshifter) (Spider:3)
  2 alligator skeletons
  16 spriggans
  22 culicivoras
  2 spriggans (shapeshifter) (WizLab)
  9 wraiths
  2 ettin skeletons
  6 water elementals
  3 hogs (Swamp:3)
  4 humans (WizLab)
  Eustachio (D:5)
  A basilisk (shapeshifter) (WizLab)
  8 large abominations
  5 fire elementals
  6 basilisks
  34 yaks
  A human (shapeshifter) (WizLab)
  2 redbacks (shapeshifter)
  55 redbacks
  16 golden eyes
  A wind drake skeleton (Crypt:3)
  A golden eye (shapeshifter) (WizLab)
  15 vampire mosquitoes
  6 wyverns
  A hog (shapeshifter) (WizLab)
  2 steam dragons (D:10)
  A sea snake simulacrum (Hell)
  2 swamp worms (shapeshifter)
  4 wargs
  A merfolk zombie (Crypt:1)
  12 swamp worms
  A hydra simulacrum (Hell)
  An acid dragon (D:12)
  7 hell hounds
  15 water moccasins
  A floating eye (shapeshifter) (WizLab)
  3 swamp drakes
  5 floating eyes
  14 orc warriors
  A swamp dragon zombie (Crypt:3)
  An ice beast (D:7)
  A black bear (Lair:4)
  24 ogres
  2 hornet zombies (D:7)
  A swamp dragon skeleton (Crypt:1)
  A floating eye zombie (Hell)
  6 wolves
  9 centaurs
  A shining eye zombie (Crypt:2)
  A yaktaur zombie (Crypt:1)
  6 kobold brigands
  Blork the orc (D:6)
  9 bullfrogs
  A bullfrog (shapeshifter) (WizLab)
  A gnoll sergeant (D:10)
  8 scorpions
  4 earth elementals
  A glowing shapeshifter simulacrum (Zig:6)
  6 necrophages
  22 wights
  2 wyvern zombies (D:7)
  7 killer bees
  A tengu zombie (Hell)
  A spriggan skeleton (Crypt:1)
  12 electric eels
  6 howler monkeys
  A yak skeleton (Crypt:1)
  5 centaur zombies
  4 jellies
  3 gnoll shamans
  14 orc priests
  Crazy Yiuf (D:5)
  A black bear zombie (Crypt:1)
  3 hounds
  14 iguanas
  23 orc wizards
  39 hell rats
  A boggart skeleton (Crypt:2)
  A killer bee zombie (D:7)
  A mummy (D:7)
  11 adders
  23 gnolls
  A howler monkey skeleton (Crypt:1)
  A swamp drake zombie (Crypt:3)
  A white imp (D:5)
  A howler monkey simulacrum (D:9)
  An ufetubus (D:5)
  5 worms
  4 dart slugs
  71 orcs
  6 ball pythons
  7 endoplasms
  6 giant cockroaches
  2 goblins
  5 hobgoblins
  2 jackals (D:1)
  A quokka (D:1)
  4 bats
  18 frilled lizards
  28 kobolds
  A quokka skeleton (Crypt:2)
  2 rats
2308 creatures vanquished.

Vanquished Creatures (collateral kills)
  An ancient lich (Crypt:3)
  A curse toe (Crypt:3)
  2 golden dragons
  2 hellephants (Depths:2)
  A lich (Crypt:3)
  2 deep elf blademasters (Elf:3)
  A walking earthen tome (Depths:2)
  A thorn hunter (Swamp:4)
  2 tengu reavers
  Donald (Spider:3)
  2 frost giants
  A fire giant (Depths:2)
  A deep elf sorcerer (Elf:3)
  A vault warden (Vaults:5)
  2 emperor scorpions
  A demonspawn corrupter (Zig:9)
  2 broodmothers (Spider:4)
  An ironbound preserver (Vaults:3)
  4 deep elf demonologists (Elf:3)
  2 stone giants
  A purple draconian (Depths:4)
  A bunyip (Swamp:4)
  4 deep elf annihilators (Elf:3)
  3 fire dragons
  3 deep elf death magi (Elf:3)
  2 ettins
  A blizzard demon (Depths:4)
  A great orb of eyes (Slime:2)
  4 ice dragons
  2 deep elf high priests (Elf:3)
  A jorogumo (shapeshifter) (Depths:2)
  A boulder beetle (Spider:4)
  2 centaur warriors (Vaults:4)
  2 radroaches
  4 dancing weapons
  A tengu warrior (Depths:1)
  5 deep troll earth magi
  A death scarab (Spider:4)
  6 deep troll shamans
  4 deep elf knights
  5 iron trolls
  2 pharaoh ants
  A sun moth (Spider:4)
  2 steelbarb worms (Spider:4)
  3 orb spiders
  4 deep elf zephyrmancers
  A swamp dragon (Swamp:4)
  7 deep trolls
  An ironbound convoker (Vaults:3)
  A flayed ghost (Depths:1)
  A bog body (Swamp:4)
  4 deep elf archers
  4 deep elf pyromancers
  A harpy (shapeshifter) (Elf:1)
  3 wolf spiders
  8 ugly things
  A moth of wrath (Spider:3)
  A vault sentinel (Vaults:3)
  A torpor snail (Spider:4)
  2 orange demons (Swamp:4)
  3 tengu conjurers
  4 tarantellas
  4 slime creatures
  5 jumping spiders
  4 culicivoras
  4 redbacks (Spider:4)
  A large abomination (Swamp:4)
  A human skeleton (Depths:1)
  A wight (D:8)
  An orc (D:8)
161 creatures vanquished.

Vanquished Creatures (others)
  A spark wasp (Depths:2)
  A yaktaur captain (Depths:4)
  2 hydras (Swamp:4)
  An ogre mage (Orc:2)
  A thrashing horror (Swamp:4)
  A deep elf knight (Elf:3)
  A swamp dragon (Swamp:4)
  2 deep elf zephyrmancers (Elf:2)
  A moth of wrath (Zig:5)
  A cane toad (shapeshifter) (D:14)
  A rime drake (Lair:6)
  A yaktaur (Vaults:2)
  A culicivora (Spider:4)
  A gnoll sergeant (D:8)
  An earth elemental (Elf:1)
  A human simulacrum (Zig:2)
  A wight (D:8)
  8 bushes (Lair:1)
  4 foxfires
  34 fungi
  29 plants
  2 starspawn tentacles (Zig:9)
  3 withered plants
99 creatures vanquished.

Grand Total: 2568 creatures vanquished

Notes
Turn   | Place    | Note
-------+----------+-------------------------------------------
     0 | D:1      | Ijustatesigmund the Gargoyle Earth Elementalist began the
                  | quest for the Orb.
     0 | D:1      | Reached XP level 1. HP: 10/10 MP: 3/3
   391 | D:1      | Reached XP level 2. HP: 16/16 MP: 1/5
   510 | D:1      | Reached skill level 1 in Fighting
   666 | D:1      | Found Qeopt's Magic Scroll Emporium.
   684 | D:1      | Reached skill level 4 in Earth Magic
   960 | D:1      | Reached XP level 3. HP: 20/20 MP: 4/6
   964 | D:1      | Learned a level 3 spell: Stone Arrow
  1165 | D:1      | Found Jorchepa's Weapon Boutique.
  1304 | D:1      | Found Cucsielouts's Distillery.
  1322 | D:1      | Found a faded altar of an unknown god.
  1928 | D:2      | Reached skill level 1 in Conjurations
  2004 | D:2      | Reached skill level 1 in Maces & Flails
  2004 | D:2      | Reached XP level 4. HP: 25/25 MP: 5/8
  2362 | D:3      | Found a white marble altar of Elyvilon.
  2798 | D:3      | Identified a scroll of acquirement
  2798 | D:3      | Acquired the +1 helmet "Oderikk" {Regen+ Dex+7 Stlth-}
  2974 | D:4      | Noticed an ogre
  3063 | D:1      | Bought a potion of heal wounds for 60 gold pieces
  3063 | D:1      | Bought a potion of heal wounds for 60 gold pieces
  3192 | D:4      | Got Lurgh's Catalogue of Mutagenic Ignition
  3214 | D:4      | Reached XP level 5. HP: 29/29 MP: 3/9
  3490 | D:4      | Reached XP level 6. HP: 29/34 MP: 6/11
  3888 | D:4      | Found a shimmering altar of Xom.
  3977 | D:5      | Entered Level 5 of the Dungeon
  3979 | D:5      | Identified the +1 robe of Ibun Fagho {rPois Int+3}
  4230 | D:5      | Reached skill level 1 in Evocations
  4230 | D:5      | Reached XP level 7. HP: 40/40 MP: 3/13
  4489 | D:5      | Found Vorru's Antique Weapon Emporium.
  4546 | D:5      | Found a runed translucent door.
  4547 | D:5      | Noticed Crazy Yiuf
  4553 | D:5      | Killed Crazy Yiuf
  5049 | D:5      | Found Othrequa's Self-Improvement Boutique.
  5390 | D:5      | Noticed Eustachio
  5399 | D:5      | Killed Eustachio
  5400 | D:5      | Reached XP level 8. HP: 46/46 MP: 13/15
  5560 | D:5      | Found a radiant altar of Vehumet.
  6116 | D:5      | Bought a runed morningstar for 147 gold pieces
  6289 | D:6      | Reached skill level 1 in Armour
  6289 | D:6      | Reached skill level 5 in Spellcasting
  6289 | D:6      | Reached skill level 5 in Conjurations
  6950 | D:6      | Noticed Blork the orc
  6957 | D:6      | Killed Blork the orc
  7628 | D:7      | Reached XP level 9. HP: 51/51 MP: 7/17
  7834 | D:7      | Noticed Joseph
  7842 | D:7      | Killed Joseph
  8269 | D:7      | Reached skill level 5 in Maces & Flails
  8580 | D:7      | Reached skill level 5 in Earth Magic
  8665 | D:7      | Reached XP level 10. HP: 25/58 MP: 9/19
  8809 | D:7      | Found a staircase to the Ecumenical Temple.
  8823 | Temple   | Entered the Ecumenical Temple
  9005 | D:7      | Reached skill level 5 in Fighting
  9395 | D:7      | Reached skill level 6 in Earth Magic
  9781 | D:8      | Noticed raistware's ghost (novice HuCj)
  9807 | D:8      | Found Qeke Qekh's Lightly-Used Armoury.
 10450 | D:8      | Found a transporter.
 10454 | D:8      | Found a transporter.
 10464 | D:8      | Learned a level 2 spell: Passwall
 10905 | D:9      | Reached skill level 7 in Earth Magic
 11242 | D:9      | Noticed Psyche
 11245 | D:9      | Killed Psyche
 11411 | D:9      | Found a hazy altar of Hepliaklqana.
 11413 | D:9      | Found a sparkling altar of Nemelex Xobeh.
 11414 | D:9      | Found a stormy altar of Qazlal.
 11421 | D:9      | Found a shimmering blue altar of Sif Muna.
 11424 | D:9      | Found a burning altar of Makhleb.
 11430 | D:9      | Found a broken altar of Ashenzari.
 11434 | D:9      | Found a snail-covered altar of Cheibriados.
 11435 | D:9      | Found an iron altar of Okawaru.
 11438 | D:9      | Became a worshipper of Cheibriados the Contemplative
 11444 | D:9      | Noticed Amaemon
 11444 | D:9      | Noticed an orange demon
 11451 | D:9      | Killed Amaemon
 11452 | D:9      | Reached XP level 11. HP: 46/64 MP: 12/22
 11804 | D:9      | Reached skill level 8 in Earth Magic
 11918 | D:9      | Found a runed translucent door.
 11918 | D:9      | Noticed CryoSword's ghost (novice TeHu)
 11918 | D:9      | Noticed Erolcha
 12100 | D:9      | Killed Erolcha
 12161 | D:10     | Entered Level 10 of the Dungeon
 12257 | D:10     | Reached * piety under Cheibriados
 12273 | D:10     | Reached skill level 5 in Invocations
 12308 | D:10     | Noticed a centaur warrior
 12325 | D:10     | Killed a centaur warrior
 12433 | D:10     | Identified the +5 short sword of Hepliaklqana's Pride
                  | {flame, rElec Str-2 Dex+3}
 12637 | D:9      | Reached ** piety under Cheibriados
 12691 | D:10     | Reached skill level 1 in Shields
 12897 | D:10     | Found a glowing golden altar of the Shining One.
 13183 | D:10     | Reached skill level 9 in Earth Magic
 13489 | D:11     | Noticed a two-headed ogre
 13492 | D:11     | Killed a two-headed ogre
 13652 | D:11     | Found a staircase to the Lair.
 13702 | D:11     | Reached *** piety under Cheibriados
 13884 | D:11     | Reached XP level 12. HP: 68/68 MP: 10/23
 14307 | D:12     | Noticed Snorg
 14310 | D:12     | Noticed a seven-headed hydra
 14320 | D:12     | Killed Snorg
 14321 | D:12     | Reached skill level 10 in Earth Magic
 14324 | D:12     | Killed a seven-headed hydra
 14526 | D:12     | Reached skill level 5 in Shields
 14572 | D:12     | Noticed a boulder beetle
 14573 | D:12     | Noticed a quicksilver ooze
 14573 | D:12     | a boulder beetle changed into a quicksilver ooze
 14582 | D:12     | Killed a quicksilver ooze
 14797 | D:12     | Noticed a two-headed ogre
 14805 | D:12     | Killed a two-headed ogre
 15128 | D:12     | Found a staircase to the Orcish Mines.
 15291 | D:12     | Gained mutation: You are covered in fur. (AC +1) [potion of
                  | mutation]
 15291 | D:12     | Gained mutation: You are frail. (-10% HP) [potion of
                  | mutation]
 15292 | D:12     | Lost mutation: You are covered in fur. (AC +1) [potion of
                  | mutation]
 15292 | D:12     | Lost mutation: You are frail. (-10% HP) [potion of
                  | mutation]
 15292 | D:12     | Gained mutation: You have hidden genetic defects. [potion
                  | of mutation]
 15292 | D:12     | Gained mutation: You passively map a small area around you.
                  | [potion of mutation]
 15292 | D:12     | Gained mutation: Your muscles are strong. (Str +2) [potion
                  | of mutation]
 15296 | D:12     | Lost mutation: Your muscles are strong. (Str +2) [potion of
                  | mutation]
 15296 | D:12     | Lost mutation: You have hidden genetic defects. [potion of
                  | mutation]
 15296 | D:12     | Gained mutation: You are clumsy. (Dex -2) [potion of
                  | mutation]
 15296 | D:12     | Gained mutation: Your magical capacity is low. (-10% MP)
                  | [potion of mutation]
 15428 | D:8      | Killed raistware's ghost
 15526 | D:8      | Lost mutation: You passively map a small area around you.
                  | [potion of mutation]
 15526 | D:8      | Lost mutation: Your magical capacity is low. (-10% MP)
                  | [potion of mutation]
 15526 | D:8      | Lost mutation: You are clumsy. (Dex -2) [potion of
                  | mutation]
 15526 | D:8      | Gained mutation: You possess an exceptional clarity of
                  | mind. [potion of mutation]
 15526 | D:8      | Gained mutation: Your spells are a little harder to cast,
                  | but a little more powerful. [potion of mutation]
 15670 | D:9      | Killed CryoSword's ghost
 15670 | D:9      | Reached **** piety under Cheibriados
 15978 | Lair:1   | Entered Level 1 of the Lair of Beasts
 16046 | Lair:1   | Found a gate leading to a gauntlet.
 16056 | Gauntlet | Entered a Gauntlet
 16056 | Gauntlet | Noticed a tengu warrior
 16056 | Gauntlet | Found a transporter.
 16056 | Gauntlet | Found a transporter.
 16056 | Gauntlet | Found a transporter.
 16079 | Gauntlet | Found a transporter.
 16084 | Gauntlet | Noticed a blizzard demon
 16089 | Gauntlet | Found a transporter.
 16093 | Gauntlet | Found a transporter.
 16103 | Gauntlet | Found a transporter.
 16123 | Gauntlet | Noticed a reaper
 16125 | Gauntlet | Found a transporter.
 16125 | Gauntlet | Noticed a two-headed ogre
 16125 | Gauntlet | a glowing orange brain changed into a two-headed ogre
 16128 | Gauntlet | a two-headed ogre changed into a cyclops
 16143 | Gauntlet | Found a transporter.
 16147 | Gauntlet | Found a transporter.
 16148 | Gauntlet | Noticed a green death
 16157 | Gauntlet | Found a transporter.
 16161 | Gauntlet | Found a transporter.
 16202 | Gauntlet | Killed a tengu warrior
 16323 | Gauntlet | Killed a green death
 16427 | Gauntlet | Killed a reaper
 16435 | Gauntlet | Identified the +3 hat "Qifoak" {rPois rN+}
 16443 | Gauntlet | Noticed an ice dragon
 16519 | Gauntlet | Noticed a minotaur
 16527 | Gauntlet | Killed a minotaur
 16536 | Gauntlet | Got the Disquisition on Displacement
 16662 | Lair:1   | Reached XP level 13. HP: 76/76 MP: 24/24
 17091 | Lair:1   | Reached skill level 10 in Invocations
 17221 | Lair:1   | Reached skill level 10 in Conjurations
 17701 | Lair:2   | Reached ***** piety under Cheibriados
 18780 | Lair:3   | Found a hole to the Spider Nest.
 18839 | Lair:3   | Identified the +6 flail "Fiarijou" {protect, Will+ rCorr
                  | Str-4}
 18852 | Lair:3   | Found a staircase to the Swamp.
 20010 | Lair:3   | Reached ****** piety under Cheibriados
 20213 | Lair:4   | Gained mutation: Your large and strong wings let you fly.
                  | [Gargoyle growth]
 20213 | Lair:4   | Reached XP level 14. HP: 75/82 MP: 27/27
 20865 | Lair:4   | Reached skill level 10 in Spellcasting
 21652 | Lair:5   | Reached skill level 5 in Evocations
 21759 | Lair:5   | Found a viscous altar of Jiyva.
 21759 | Lair:5   | Found a staircase to the Slime Pits.
 21883 | Lair:5   | Identified the +5 trident of the Magi {holy, rF- rCorr
                  | Dex+7}
 22222 | Lair:6   | Entered Level 6 of the Lair of Beasts
 23291 | Lair:6   | Noticed a dire elephant
 24170 | Orc:1    | Entered Level 1 of the Orcish Mines
 24187 | Orc:1    | Noticed Maurice
 24218 | D:12     | Killed Maurice
 24254 | Orc:1    | Paralysed by an orc sorcerer for 3 turns
 24472 | Orc:1    | Reached XP level 15. HP: 77/86 MP: 29/29
 24576 | Orc:2    | Entered Level 2 of the Orcish Mines
 24576 | Orc:2    | Found a flickering gateway to a bazaar.
 24620 | Orc:2    | Reached skill level 10 in Evocations
 24664 | Bazaar   | Entered a bazaar
 24664 | Bazaar   | Found Raqokeot's Weapon Shop.
 24664 | Bazaar   | Found Gubiaxoo's Antique Weapon Shop.
 24672 | Bazaar   | Found Sainiats's Antique Armour Shoppe.
 24700 | Bazaar   | Found Fenwia's Antique Weapon Emporium.
 24707 | Bazaar   | Found Sughuj's Weapon Boutique.
 24730 | Bazaar   | Bought a runed morningstar for 196 gold pieces
 24755 | Bazaar   | Bought a dull robe for 182 gold pieces
 24755 | Bazaar   | Identified the +3 robe of Kleptomania {rPois Regen+ SInv}
                  | (You bought it in a shop in a bazaar)
 24811 | Orc:1    | Noticed Jorgrun
 24822 | Orc:1    | Noticed Nergalle
 24841 | Orc:1    | Killed Nergalle
 24848 | Orc:1    | Killed Jorgrun
 24960 | Orc:1    | Found Wotyuh's Assorted Antiques.
 24969 | Orc:1    | Bought a ruby ring for 185 gold pieces
 24969 | Orc:1    | Bought a murky puce potion for 33 gold pieces
 25260 | Orc:2    | Paralysed by an ogre mage for 5 turns
 25565 | Orc:2    | Found a staircase to the Elven Halls.
 25568 | Orc:2    | Found Ysify's Jewellery Shop.
 25571 | Orc:2    | Found Bapryan's Armour Emporium.
 25795 | Orc:2    | Found Voes's Book Shoppe.
 25808 | Orc:1    | Paralysed by an orc sorcerer for 3 turns
 25812 | Orc:2    | Paralysed by an orc sorcerer for 4 turns
 26097 | Orc:2    | Found Duduad's Distillery.
 26100 | Orc:2    | Bought a book of Power for 504 gold pieces
 26107 | Orc:2    | Learned a level 6 spell: Iron Shot
 26112 | Orc:2    | Bought a potion of heal wounds for 90 gold pieces
 26889 | D:13     | Found a gate to the Vaults.
 26901 | D:13     | Reached skill level 11 in Earth Magic
 27051 | D:13     | Identified the +9 hunting sling of Upheaval {speed, rElec
                  | rCorr Str-5 Int+8}
 27970 | D:14     | Reached XP level 16. HP: 94/94 MP: 12/30
 28113 | D:14     | Noticed Louise
 28261 | D:14     | Killed Louise
 28306 | D:14     | Reached skill level 12 in Earth Magic
 28503 | D:14     | Noticed Nessos
 28508 | D:14     | Killed Nessos
 29244 | D:14     | Found a transporter.
 29246 | D:14     | Found a transporter.
 29250 | D:14     | Noticed Ojucromu's ghost (journeyman OpIE)
 29251 | D:14     | Found a bloodstained altar of Trog.
 29465 | D:14     | Got the Incunabulum of Sand
 29472 | D:14     | Got the Volume of Axaxaxas mlö
 29623 | D:14     | Learned a level 5 spell: Irradiate
 29815 | D:5      | Bought a manual of Earth Magic for 880 gold pieces
 30081 | Swamp:1  | Entered Level 1 of the Swamp
 30150 | Swamp:1  | Reached skill level 1 in Transmutations
 30303 | Swamp:1  | Reached skill level 13 in Earth Magic
 31438 | Swamp:2  | Reached skill level 14 in Earth Magic
 32396 | Swamp:3  | Reached XP level 17. HP: 100/101 MP: 12/31
 32504 | Swamp:3  | Noticed Urycu's ghost (adept MiBe)
 32531 | Swamp:3  | Noticed Kirke
 32538 | Swamp:3  | Paralysed by a fenstrider witch for 3 turns
 32699 | Swamp:3  | Found a transporter.
 32745 | Swamp:3  | Noticed a sphinx
 32749 | Swamp:3  | Killed Kirke
 33110 | Swamp:3  | Reached skill level 15 in Earth Magic
 33340 | Swamp:4  | Entered Level 4 of the Swamp
 33757 | Swamp:4  | Noticed a tentacled monstrosity
 33780 | Swamp:4  | Reached skill level 5 in Transmutations
 33795 | Swamp:4  | Reached skill level 16 in Earth Magic
 33810 | Swamp:4  | Got a decaying rune of Zot
 34158 | Swamp:4  | Killed a tentacled monstrosity
 34956 | D:15     | Entered Level 15 of the Dungeon
 35074 | D:14     | Reached skill level 10 in Fighting
 35200 | D:14     | Killed Ojucromu's ghost
 35205 | D:14     | Reached XP level 18. HP: 45/108 MP: 3/33
 35510 | Swamp:3  | Found a transporter.
 35937 | D:15     | Found a staircase to the Depths.
 35980 | D:15     | Found a portal to a secret trove of treasure.
 36659 | D:15     | Found a hide-covered altar of Uskayaw.
 37008 | Vaults:1 | Entered Level 1 of the Vaults
 37309 | Vaults:1 | Reached skill level 15 in Invocations
 37928 | Vaults:1 | Paralysed by a sphinx for 4 turns
 39798 | Vaults:2 | Reached XP level 19. HP: 120/120 MP: 11/34
 40508 | Vaults:2 | Found Zig Veedeto's Armour Shoppe.
 40599 | Vaults:2 | Learned a level 7 spell: Spellforged Servitor
 40723 | Vaults:2 | Reached skill level 1 in Summonings
 41467 | Orc:2    | Bought a ring of wizardry for 420 gold pieces
 41671 | Spider:1 | Entered Level 1 of the Spider Nest
 42159 | Spider:1 | Reached skill level 5 in Summonings
 43913 | Spider:2 | Noticed Mlioglotl
 43920 | Spider:2 | Killed Mlioglotl
 43948 | Spider:2 | Gained mutation: Armour fits poorly on your strangely
                  | shaped body. [mutagenic glow]
 44394 | Spider:2 | Gained mutation: You do not regenerate when monsters are
                  | visible. [mutagenic glow]
 44904 | Spider:3 | Lost mutation: You do not regenerate when monsters are
                  | visible. [potion of mutation]
 44904 | Spider:3 | Lost mutation: Armour fits poorly on your strangely shaped
                  | body. [potion of mutation]
 44904 | Spider:3 | Lost mutation: Your spells are a little harder to cast, but
                  | a little more powerful. [potion of mutation]
 44904 | Spider:3 | Gained mutation: You are frail. (-10% HP) [potion of
                  | mutation]
 44904 | Spider:3 | Gained mutation: You passively dampen the noise of your
                  | surroundings. [potion of mutation]
 44904 | Spider:3 | Gained mutation: You have very sharp teeth. [potion of
                  | mutation]
 44905 | Spider:3 | Lost mutation: You are frail. (-10% HP) [potion of
                  | mutation]
 44905 | Spider:3 | Lost mutation: You possess an exceptional clarity of mind.
                  | [potion of mutation]
 44905 | Spider:3 | Lost mutation: You have very sharp teeth. [potion of
                  | mutation]
 44905 | Spider:3 | Gained mutation: You have supernaturally acute eyesight.
                  | (SInv) [potion of mutation]
 44905 | Spider:3 | Gained mutation: You expend magic power (3 MP) to
                  | strengthen your wands. [potion of mutation]
 44906 | Spider:3 | Lost mutation: You passively dampen the noise of your
                  | surroundings. [potion of mutation]
 44906 | Spider:3 | Lost mutation: You have supernaturally acute eyesight.
                  | (SInv) [potion of mutation]
 44906 | Spider:3 | Lost mutation: You expend magic power (3 MP) to strengthen
                  | your wands. [potion of mutation]
 44906 | Spider:3 | Gained mutation: You are clumsy. (Dex -2) [potion of
                  | mutation]
 44906 | Spider:3 | Lost mutation: You are clumsy. (Dex -2) [potion of
                  | mutation]
 44906 | Spider:3 | Gained mutation: Your mind is acute. (Int +2) [potion of
                  | mutation]
 44986 | Spider:3 | Identified Roxanne's Tome of the Rocks
 44986 | Spider:3 | Noticed Roxanne
 44998 | Spider:3 | Killed Roxanne
 45284 | Spider:3 | Upgraded the game from 0.29-a0-559-g359e09b9d1 to
                  | 0.29-a0-561-ga02bf68b3c
 45291 | Spider:3 | Reached skill level 10 in Summonings
 45571 | Spider:3 | Reached XP level 20. HP: 127/127 MP: 25/35
 45840 | Spider:3 | Noticed Donald
 45845 | Spider:3 | Killed Donald
 46190 | Spider:4 | Entered Level 4 of the Spider Nest
 47971 | Spider:4 | Got a gossamer rune of Zot
 48572 | Depths:1 | Entered Level 1 of the Depths
 48779 | Depths:1 | Reached skill level 5 in Armour
 49131 | Depths:1 | Found a one-way gate to the infinite horrors of the Abyss.
 49439 | Depths:1 | Upgraded the game from 0.29-a0-561-ga02bf68b3c to
                  | 0.29-a0-575-g0dc89cf053
 49786 | Depths:1 | Found Qilumok's Demolitions Depot.
 49887 | Depths:1 | Found a gateway to Hell.
 50390 | Depths:1 | Reached skill level 17 in Earth Magic
 50719 | Depths:2 | Reached XP level 21. HP: 132/132 MP: 24/36
 51588 | Depths:2 | Reached skill level 15 in Fighting
 51782 | Depths:2 | Identified the +12 hand crossbow of Huriq {freeze, Drain
                  | rElec rF++ Int+4}
 51925 | Depths:2 | Found an opulent altar of Gozag.
 52144 | Depths:2 | Reached skill level 18 in Earth Magic
 52386 | Depths:2 | Found a one-way gate leading to the halls of Pandemonium.
 52524 | Depths:2 | Noticed a golden dragon
 52878 | Depths:2 | Killed a golden dragon
 53781 | Elf:1    | Entered Level 1 of the Elven Halls
 53989 | Elf:1    | Found Luvixt's Antique Armour Shoppe.
 53992 | Elf:1    | Found Ebeimpyrpho's Armour Emporium.
 53994 | Elf:1    | Found Esusobun's Book Shoppe.
 54002 | Elf:1    | Bought a Trismegistus Codex for 392 gold pieces
 54006 | Elf:1    | Learned a level 3 spell: Ignite Poison
 54066 | Elf:1    | Noticed Azrael
 54087 | Elf:1    | Killed Azrael
 54214 | Elf:1    | Noticed Nikola
 54233 | Elf:1    | Reached skill level 1 in Poison Magic
 54233 | Elf:1    | Killed Nikola
 54234 | Elf:1    | Reached skill level 1 in Fire Magic
 54439 | Elf:1    | Noticed Aizul
 54451 | Elf:1    | Killed Aizul
 54452 | Elf:1    | Reached skill level 5 in Stealth
 54661 | Elf:1    | Reached skill level 19 in Earth Magic
 55490 | Elf:2    | Reached XP level 22. HP: 140/140 MP: 27/37
 55532 | Elf:2    | Found a runed translucent gate.
 55532 | Elf:2    | Found a runed translucent gate.
 55537 | Elf:2    | Found a runed translucent gate.
 56169 | Elf:2    | Reached skill level 20 in Earth Magic
 56347 | Elf:2    | Found a radiant altar of Vehumet.
 56397 | Elf:2    | Paralysed by an air elemental for 1 turns
 56746 | Elf:3    | Entered Level 3 of the Elven Halls
 56767 | Elf:3    | Found Toani's Distillery.
 56778 | Elf:3    | Found Buomynuss's Book Shop.
 56923 | Elf:3    | Found Nocuffogg's Armour Emporium.
 57218 | Elf:3    | Found Elibben's Magic Scroll Emporium.
 57263 | Elf:3    | Found Tipauteu's Distillery.
 57420 | Elf:3    | Found a runed translucent gate.
 57421 | Elf:3    | Found a runed translucent gate.
 57673 | Elf:3    | Found a runed translucent gate.
 57677 | Elf:3    | Identified the +1 leather armour of Polish {Harm Int+4
                  | Stlth+}
 57677 | Elf:3    | Noticed sevenfields's ghost (adept GnIE)
 57678 | Elf:3    | Found an iron altar of Okawaru.
 57734 | Elf:3    | Killed sevenfields's ghost
 57914 | Elf:3    | Identified the +7 great mace "Siz Wuneycog" {freeze, Str+3}
 58434 | Elf:3    | Reached skill level 21 in Earth Magic
 58867 | Elf:3    | Identified the quicksilver dragon scales of Gallantry {rF+
                  | Will+ rCorr Stlth+}
 58873 | Elf:3    | Reached skill level 10 in Maces & Flails
 59177 | Elf:3    | Identified the amulet of the Rescuing Gods {Acrobat Regen+}
 59566 | Elf:3    | Identified the +2 robe of Failure {Will+ Str+4}
 59574 | Elf:3    | Identified the +9 hunting sling of Bursted Conscience
                  | {vorpal, +Blink rN+ Dex+7}
 59594 | Elf:3    | Identified the +4 war axe of the Gnat {vorpal, Will++
                  | Str+4}
 59943 | Vaults:1 | Learned a level 9 spell: Shatter
 60965 | Vaults:3 | Reached XP level 23. HP: 145/145 MP: 38/38
 61117 | Vaults:3 | Reached skill level 22 in Earth Magic
 61265 | Vaults:3 | Reached skill level 5 in Dodging
 61944 | Vaults:3 | Found a staircase to the Crypt.
 61944 | Vaults:3 | Found a basalt altar of Yredelemnul.
 61944 | Vaults:3 | Found an ancient bone altar of Kikubaaqudgha.
 62648 | Vaults:3 | Noticed Asterion
 62660 | Vaults:3 | Killed Asterion
 62801 | Vaults:4 | Learned a level 5 spell: Borgnjor's Vile Clutch
 64123 | Vaults:4 | Reached skill level 23 in Earth Magic
 64845 | Vaults:5 | Entered Level 5 of the Vaults
 65111 | Vaults:5 | Reached skill level 1 in Necromancy
 65314 | Vaults:4 | Reached skill level 24 in Earth Magic
 65520 | Vaults:4 | Acquired a +3 eveningstar of protection
 65681 | Vaults:5 | Noticed a golden dragon
 65880 | Vaults:5 | Killed a golden dragon
 66128 | Vaults:4 | Reached XP level 24. HP: 99/151 MP: 26/38
 67109 | Vaults:5 | Reached skill level 5 in Necromancy
 67124 | Vaults:5 | Noticed a dread lich
 67131 | Vaults:5 | Paralysed by a dread lich for 3 turns
 67138 | Vaults:5 | Killed a dread lich
 67473 | Vaults:5 | Got a silver rune of Zot
 67850 | Vaults:5 | Reached skill level 25 in Earth Magic
 68213 | Vaults:5 | Identified the +7 hunting sling "Demauk" {speed, Stlth+}
 68213 | Vaults:5 | Identified the +6 gold dragon scales of Rakkugre {rPois rF+
                  | rC+ rN++ Dex-2}
 68240 | Vaults:5 | Got the Disquisition on Ghastly Contamination
 68254 | Vaults:5 | Got the Grimoire of Ashen Bewitchment
 68390 | Vaults:5 | Got Muschooss's Catalogue of Twisted Envenoming
 69431 | Depths:3 | Found a one-way gateway to a ziggurat.
 69490 | Depths:3 | Found a glowing silver altar of Zin.
 70168 | Depths:3 | Noticed an ancient lich
 70178 | Depths:3 | Killed an ancient lich
 70184 | Depths:3 | Noticed a dread lich
 70306 | Depths:3 | Found a shimmering blue altar of Sif Muna.
 70385 | Depths:3 | Got Sif Muna's Compendium of Transformation
 70395 | Depths:3 | Got Yrekoen's Disquisition on Ashen Sinister Rites
 70397 | Depths:3 | Got the Tome of Creative Bewitchment
 70437 | Depths:3 | Killed a dread lich
 70557 | Depths:3 | Got the Volume of the Many Xenops
 70573 | Depths:3 | Got the Collected Works on Supportive Earth
 70583 | Depths:3 | Got the Tome of the Unstable Arsonist
 70811 | Hell     | Entered the Vestibule of Hell
 70811 | Hell     | Noticed Geryon
 71366 | Hell     | Reached XP level 25. HP: 156/156 MP: 20/38
 71367 | Hell     | Killed Geryon
 71518 | Hell     | Gained mutation: You sometimes lose the ability to read
                  | scrolls when taking damage. [a cacodemon]
 72008 | Hell     | Found a gateway to the decaying netherworld of Tartarus.
 72090 | Hell     | Found a gateway to the freezing wastes of Cocytus.
 72200 | Hell     | Found a gateway to the Iron City of Dis.
 72342 | Hell     | Found a gateway to the ashen valley of Gehenna.
 72713 | Crypt:1  | Entered Level 1 of the Crypt
 73390 | Slime:1  | Entered Level 1 of the Pits of Slime
 73396 | Slime:1  | Reached skill level 10 in Necromancy
 75265 | Slime:2  | HP: 3/156 [acid (17)]
 76395 | Slime:4  | Reached skill level 10 in Transmutations
 76534 | Slime:5  | Entered Level 5 of the Pits of Slime
 76545 | Slime:4  | Paralysed by a great orb of eyes for 5 turns
 76957 | Slime:5  | Noticed the Royal Jelly
 77161 | Slime:5  | Noticed Dissolution
 77166 | Slime:5  | Paralysed by a floating eye for 3 turns
 77190 | Slime:4  | Paralysed by a floating eye for 3 turns
 77194 | Slime:4  | Killed Dissolution
 77409 | Slime:5  | Killed the Royal Jelly
 77663 | Slime:5  | Gained mutation: Potions are less effective at restoring
                  | your health. [a shining eye]
 77796 | Slime:5  | Identified the ring "Papnu" {+Blink AC+4}
 77806 | Slime:5  | Got a slimy rune of Zot
 77835 | Slime:5  | Identified the ring of Siluj {Will+ rCorr MP+9 Dex+5}
 77889 | Slime:5  | Identified the ring of Denaoq {Fire Str+6 Int+5}
 77926 | Slime:5  | Identified the +1 short sword "Bautir" {antimagic, *Slow
                  | Will+ Int+2 Stlth+}
 78386 | D:1      | Bought a potion of brilliance for 48 gold pieces
 78386 | D:1      | Bought a potion of curing for 36 gold pieces
 78386 | D:1      | Bought a potion of heal wounds for 60 gold pieces
 78386 | D:1      | Bought a potion of mutation for 96 gold pieces
 78386 | D:1      | Bought a potion of curing for 36 gold pieces
 78955 | Elf:3    | Bought a potion of mutation for 112 gold pieces
 78955 | Elf:3    | Bought a potion of magic for 112 gold pieces
 78955 | Elf:3    | Bought a potion of resistance for 140 gold pieces
 78955 | Elf:3    | Bought a potion of heal wounds for 70 gold pieces
 78955 | Elf:3    | Bought a potion of curing for 42 gold pieces
 78955 | Elf:3    | Bought a potion of magic for 112 gold pieces
 78955 | Elf:3    | Bought a potion of heal wounds for 70 gold pieces
 79042 | Elf:3    | Bought a potion of mutation for 112 gold pieces
 79042 | Elf:3    | Bought a potion of mutation for 112 gold pieces
 79042 | Elf:3    | Bought a potion of magic for 112 gold pieces
 79042 | Elf:3    | Bought a potion of mutation for 112 gold pieces
 79312 | D:15     | You showed the slimy rune of Zot to enter a treasure trove
 79313 | Trove    | Entered a treasure trove
 79314 | Trove    | Found the ring of the Octopus King
 79452 | Trove    | Identified the ring "Xitape Ote" {rF+ Will+ Int+4 Slay+3}
 79454 | Trove    | Identified a ring of the Octopus King {Wiz HP+2 AC+2 EV+2
                  | SH+2}
 79471 | Trove    | Identified the amulet "Kapp" {Regen+ Str+6 Dex-3}
 79483 | Trove    | Identified the amulet "Plog" {Reflect Dex+5 SH+5}
 79510 | D:15     | Lost mutation: Your mind is acute. (Int +2) [potion of
                  | mutation]
 79510 | D:15     | Lost mutation: Potions are less effective at restoring your
                  | health. [potion of mutation]
 79510 | D:15     | Gained mutation: Your muscles are strong. (Str +2) [potion
                  | of mutation]
 79510 | D:15     | Gained mutation: You are agile. (Dex +2) [potion of
                  | mutation]
 79511 | D:15     | Lost mutation: You sometimes lose the ability to read
                  | scrolls when taking damage. [potion of mutation]
 79511 | D:15     | Lost mutation: You are agile. (Dex +2) [potion of mutation]
 79511 | D:15     | Lost mutation: Your muscles are strong. (Str +2) [potion of
                  | mutation]
 79511 | D:15     | Gained mutation: You sometimes lose the ability to read
                  | scrolls when taking damage. [potion of mutation]
 79511 | D:15     | Gained mutation: You have a pair of small antennae on your
                  | head. [potion of mutation]
 79512 | D:15     | Lost mutation: You have a pair of small antennae on your
                  | head. [potion of mutation]
 79512 | D:15     | Lost mutation: You sometimes lose the ability to read
                  | scrolls when taking damage. [potion of mutation]
 79512 | D:15     | Gained mutation: You passively dampen the noise of your
                  | surroundings. [potion of mutation]
 79512 | D:15     | Gained mutation: Your magical capacity is low. (-10% MP)
                  | [potion of mutation]
 79512 | D:15     | Gained mutation: Your muscles are strong. (Str +2) [potion
                  | of mutation]
 79513 | D:15     | Lost mutation: You passively dampen the noise of your
                  | surroundings. [potion of mutation]
 79513 | D:15     | Lost mutation: Your magical capacity is low. (-10% MP)
                  | [potion of mutation]
 79513 | D:15     | Lost mutation: Your muscles are strong. (Str +2) [potion of
                  | mutation]
 79513 | D:15     | Gained mutation: Your movements are slightly less
                  | encumbered by armour. (ER -2) [potion of mutation]
 79513 | D:15     | Gained mutation: You expend magic power (3 MP) to
                  | strengthen your wands. [potion of mutation]
 79513 | D:15     | Gained mutation: You have large cloven feet. [potion of
                  | mutation]
 79513 | D:15     | Gained mutation: You are somewhat resistant to further
                  | mutation. [potion of mutation]
 79514 | D:15     | Lost mutation: Your movements are slightly less encumbered
                  | by armour. (ER -2) [potion of mutation]
 79514 | D:15     | Lost mutation: You have large cloven feet. [potion of
                  | mutation]
 79515 | D:15     | Lost mutation: You are somewhat resistant to further
                  | mutation. [potion of mutation]
 79515 | D:15     | Lost mutation: You expend magic power (3 MP) to strengthen
                  | your wands. [potion of mutation]
 79515 | D:15     | Gained mutation: You possess an exceptional clarity of
                  | mind. [potion of mutation]
 79515 | D:15     | Gained mutation: You are frail. (-10% HP) [potion of
                  | mutation]
 79516 | D:15     | Lost mutation: You possess an exceptional clarity of mind.
                  | [potion of mutation]
 79516 | D:15     | Lost mutation: You are frail. (-10% HP) [potion of
                  | mutation]
 79516 | D:15     | Gained mutation: Your spells are a little harder to cast,
                  | but a little more powerful. [potion of mutation]
 79516 | D:15     | Lost mutation: Your spells are a little harder to cast, but
                  | a little more powerful. [potion of mutation]
 79516 | D:15     | Gained mutation: You are strong-willed. (Will+) [potion of
                  | mutation]
 79896 | Crypt:1  | Reached XP level 26. HP: 157/161 MP: 35/38
 80497 | Crypt:2  | Found a magical portal.
 80509 | WizLab   | Entered Cigotuvi's Fleshworks
 80889 | WizLab   | Gained mutation: You are weak. (Str -2) [a shining eye]
 80923 | WizLab   | Paralysed by a floating eye for 4 turns
 81227 | WizLab   | Paralysed by a floating eye for 3 turns
 81256 | WizLab   | Identified the ring "Gowk" {Wiz rN+ Will- Slay+2}
 82390 | Crypt:3  | Entered Level 3 of the Crypt
 82528 | Crypt:3  | Noticed an ancient lich
 83305 | Crypt:3  | Found a staircase to the Tomb.
 83332 | Crypt:3  | Noticed an ancient lich
 83337 | Crypt:3  | Reached XP level 27. HP: 168/168 MP: 38/38
 83348 | Crypt:3  | Learned a level 8 spell: Necromutation
 83352 | Crypt:3  | Killed an ancient lich
 83355 | Crypt:3  | Killed an ancient lich
 83427 | Crypt:3  | Identified the +7 scale mail of the Stone Wall {Str+4}
 83430 | Crypt:3  | Identified the ring of Zomurph {rC++ rN+ Int+4}
 83430 | Crypt:3  | Identified the ring "Atoiwn" {Fly rC+ rN+ Dex-4}
 83430 | Crypt:3  | Identified the ring "Matekkay" {rF+ rN+}
 83995 | Depths:4 | Entered Level 4 of the Depths
 84074 | Depths:4 | Noticed Boris
 84081 | Depths:4 | Killed Boris
 84144 | Depths:3 | Reached skill level 10 in Shields
 84591 | Depths:4 | Found a gate to the Realm of Zot.
 84644 | Depths:4 | Reached skill level 10 in Armour
 85060 | Depths:4 | Found a runed translucent door.
 85070 | Depths:4 | Found a runed translucent door.
 85074 | Depths:4 | Found a runed translucent door.
 85160 | Depths:4 | Found a runed translucent door.
 85199 | Depths:4 | Found a runed translucent door.
 85638 | Depths:4 | Found a runed translucent door.
 86320 | Zig:1    | Entered Level 1 of a ziggurat
 86345 | Zig:2    | Entered Level 2 of a ziggurat
 86346 | Zig:2    | Found the +9 staff of Olgreb {rPois∞}
 86376 | Zig:3    | Entered Level 3 of a ziggurat
 86409 | Zig:4    | Entered Level 4 of a ziggurat
 86411 | Zig:4    | Found the +6 arbalest "Damnation" {damnation}
 86425 | Zig:4    | Identified the ring "Doadyurabb" {Ice Dex+2}
 86572 | Zig:5    | Entered Level 5 of a ziggurat
 86741 | Zig:5    | Identified the +5 hand axe "Xovat" {vorpal, *Noise Will+
                  | Dex+7 SInv}
 86750 | Zig:6    | Entered Level 6 of a ziggurat
 86928 | Zig:7    | Entered Level 7 of a ziggurat
 86963 | Zig:7    | Identified the +8 dagger "Cuoho" {freeze, *Rage rF+++ rC+
                  | Stlth+}
 86979 | Zig:7    | Got the Tome of Necromancy and Curses
 86990 | Zig:8    | Entered Level 8 of a ziggurat
 87087 | Zig:9    | Entered Level 9 of a ziggurat
 87104 | Zig:9    | Noticed Pizanu the pandemonium lord
 87113 | Zig:9    | Killed from afar by a Tzitzimitl

Illustrated notes

Levels and vault maps discovered:
D:1:      dpeg_arrival_round_c, layout_loops_ring, serial_shops,
          nicolae_shop_bloodbath_and_beyond, shop, shop_statue,
          basic_ecumenical_altar, serial_bayou_pond_b
D:2:      layout_loops_ring
D:3:      layout_basic, elyvilon_altar_5, serial_corexii_hall,
          corexii_hall_statues_s, corexii_hall_statues_u, serial_bayou_pond_a,
          kennysheep_generic_room_2
D:4:      layout_rooms, mainiacjoe_overflow_alcove_2
D:5:      layout_layer_cave, nicolae_vehumet_altar_sigil, serial_shops,
          nicolae_shop_overgrown_old_shop, nicolae_shop_self_help,
          uniq_crazy_yiuf_cottage, uniq_eustachio
D:6:      layout_layer_cave, minmay_misc_feat_ornament, chequers_arboretum,
          uniq_blork_the_orc
D:7:      layout_basic, minmay_temple_entry_mini_moons, serial_undead,
          serial_undead_e, serial_undead_a, serial_undead_f, serial_undead_d,
          serial_undead_b, serial_undead_d, serial_undead_e, serial_undead_b,
          uniq_joseph
D:8:      layout_basic, gammafunk_ghost_arena, minmay_shop_damaged
D:9:      layout_basic, nicolae_overflow_hallway_of_the_gods,
          ebering_ghost_inner_flame, item_on_display_b, uniq_psyche,
          uniq_erolcha, uniq_amaemon
D:10:     layout_roguey, lemuel_coloured_pillars_altar
D:11:     layout_grid_maze, lair_entry_dummy, amcnicky_mini_pool_medium
D:12:     layout_basic, orc_0_dummy, minivault_11, uniq_snorg
D:13:     layout_long_grid, erik_vaults_2, serial_bayou, serial_bayou_lagoon_b,
          serial_bayou_pond_a, serial_bayou_shore_b, serial_bayou_crossing
D:14:     nzn_motion_control, layout_loops_cross,
          gammafunk_ghost_wrathful_warriors, bh_hangedman_babel_library,
          uniq_nessos, uniq_louise
D:15:     grunt_enter_depths_magical_seal, layout_small_grid,
          nicolae_uskayaw_dance_hall, nicolae_trove_entry_isolated,
          minmay_diced_spiral
Temple:   eino_wide_crystal_templ
Lair:1:   layout_cave_pods, gauntlet_entry_generic, bh_autumn_forest_stairs,
          grunt_forest_large_clearing_hut
Lair:2:   lemuel_reptile_caves, layout_long_grid
Lair:3:   layout_long_grid, minmay_swamp_entry_eels,
          nicolae_spider_entry_non_spiders, minivault_23,
          nicolae_quartered_pool_impasse
Lair:4:   layout_hall_layers, grunt_forest_stairs_clearing,
          serial_bayou_shore_a, serial_bayou_shore_b, grunt_megastairs_1
Lair:5:   layout_regular_city, slime_altar_1
Lair:6:   grunt_lair_end_beastmaster, layout_cave_pods, special_room
          [special_room_mythical_zoo]
Swamp:1:  layout_basic_swamp, evilmike_swamp_ruin_house_5
Swamp:2:  layout_falls_marsh, hangedman_swamp_ruin_hall, swamp_pool2,
          nicolae_swamp_soggy_hallways
Swamp:3:  layout_falls_marsh, gammafunk_ghost_mausoleum, uniq_kirke
Swamp:4:  swamp_vile, layout_basic_swamp
Spider:1: layout_cave_pods, hangedman_spider_tarantella_strand
Spider:2: layout_chambers, hangedman_stitches_earthworm, uniq_mlioglotl
Spider:3: layout_spider_delve, hellmonk_deceptive_appearances, uniq_donald,
          uniq_roxanne
Spider:4: hellmonk_spider_rune_endless_swarm, drop_trap
Slime:1:  layout_caves, cheibrodos_slime_lost_civilization_5
Slime:2:  layout_caves
Slime:3:  layout_caves
Slime:4:  layout_caves
Slime:5:  uniq_dissolution
Orc:1:    layout_diamond_mine, serial_shops, shop, uniq_maurice, uniq_jorgrun,
          uniq_nergalle
Orc:2:    st_orc_open, layout_caves, serial_shops, bzr_in_the_mist,
          library_closet
Elf:1:    eino_elf_arrival_customs, layout_geoelf_grid, minivault_28,
          grunt_megastairs_2, minmay_shop_star, uniq_azrael, uniq_nikola,
          uniq_aizul
Elf:2:    nicolae_elf_blades_crystal_corner, layout_geoelf_octagon, basic_altar
Elf:3:    elf_hall_gauntlet_wide, layout_geoelf_octagon, serial_shops,
          nicolae_shop_temple_entry_statues_fountains,
          nicolae_shop_behind_doors, shop_fountains, shop,
          nicolae_shop_window_shopping, gammafunk_ghost_fury_of_okawaru,
          kb_rosetta
Vaults:1: vaults_room_pools, v_misc_9, ontoclasm_vaults_idyll,
          grunt_vaults_diagonal, nicolae_vaults_sealed_display, st_squares,
          vaults_dpeg_diagonal, layout_vaults_quadrants
Vaults:2: ontoclasm_vaults_eye, v_misc_3, hangedman_vaults_variations,
          ontoclasm_vaults_fault, nicolae_vaults_little_ls,
          nicolae_vaults_border_crossing, nicolae_vaults_angled_halls,
          ontoclasm_vaults_shuriken, ontoclasm_vaults_decontamination,
          vaults_dpeg_ring, layout_vaults_ring, serial_shops,
          nicolae_square_shop
Vaults:3: hangedman_vaults_stream, nicolae_vaults_circle_grid_a,
          minmay_crypt_entry_necro_gods, v_alt_pattern_4, v_rooms_2, v_misc_22,
          nicolae_vaults_shelves_hall, v_misc_9,
          ontoclasm_vaults_loading_screen, v_rooms_4,
          grunt_vaults_hallway_short, v_misc_5, vaults_room_hangedman_quadrants,
          layout_vaults_omnibox, uniq_asterion
Vaults:4: hangedman_vaults_river_flow, hangedman_vaults_snaps,
          vaults_dpeg_cross, vaults_dpeg_encased_lava, hangedman_vaults_pinch,
          nicolae_vaults_little_squares_5, dpeg_vaults_monster_box,
          ontoclasm_vaults_chip, layout_vaults_chaotic_city
Vaults:5
Crypt:1:  layout_misc_corridors, glass_columns_b, roderic_lattice_octagonal_star
Crypt:2:  layout_chaotic_city, mu_enter_wizlab_1, grunt_megastairs_4
Crypt:3:  david_glass_crypt, layout_rooms
Depths:1: layout_cave_pools, hangedman_geh_valley, abyss_entry_glasseish,
          serial_bayou_pond_d, nicolae_blasting_shop, grunt_ministairs_8,
          kennysheep_generic_room_6
Depths:2: evilmike_pillar_path, layout_cave_shapes, grunt_hell_horde,
          rand_demon_pan_entry_8, grunt_gozag_breadcrumbs,
          kennysheep_generic_room_14
Depths:3: evilmike_library_of_no_secrets, layout_basic, ziggurat_fallback,
          grunt_hell_entry_dis_grunt, hangedman_abyss_or_decor_stabs,
          marbit_kobold_abyss_entry, hangedman_abyss_or_decor_jellyfish_corner,
          zin_academy, infiniplex_staircase_pillars_2
Depths:4: evilmike_zot_entry_castle, layout_cave_shapes, hangedman_coc_ice_floe,
          hex_medium, hangedman_abyss_entry_splay, moated_statue, uniq_boris
Hell
Zig:9

Skill      XL: |  1  2  3  4  5  6  7  8  9 10 11 12 13 14 15 16 17 18 19 20 21 22 23 24 25 26 27 |
---------------+----------------------------------------------------------------------------------+-----
Fighting       | 1 2 3 4 5 7 8 9 10 13 14 15 17 | 17.0
Earth Magic    | 4 5 7 9 10 11 14 16 17 19 21 24 25 | 25.6
Conjurations   | 1 2 3 4 5 7 8 9 11 12 13 14 | 14.1
Maces & Flails | 1 2 3 4 5 7 10 13 | 13.5
Spellcasting   | 3 4 5 6 7 9 10 11 | 11.8
Evocations     | 1 2 3 4 9 10 11 12 | 12.0
Armour         | 2 3 4 6 8 9 11 | 11.2
Dodging        | 3 4 7 |  7.5
Invocations    | 2 6 9 11 12 14 16 17 18 | 18.1
Shields        | 3 5 7 8 9 11 | 11.5
Transmutations | 3 5 6 7 11 13 14 | 14.2
Stealth        | 4 6 |  6.0
Summonings     | 10 13 | 13.0
Poison Magic   | 3 4 |  4.1
Fire Magic     | 2 4 |  4.1
Necromancy     | 3 8 11 13 14 | 14.3

Action                   |  1- 3 |  4- 6 |  7- 9 | 10-12 | 13-15 | 16-18 | 19-21 | 22-24 | 25-27 || total
-------------------------+-------+-------+-------+-------+-------+-------+-------+-------+-------++-------
Melee: Unarmed           |     1 |       |       |       |       |       |       |       |       ||     1
       Whip              |       |     4 |       |       |       |       |       |       |       ||     4
       Flail             |       |    22 |     3 |       |       |       |       |       |       ||    25
       Morningstar       |       |       |   170 |   695 |  1738 |   203 |       |       |       ||  2806
       Punch             |       |       |     1 |     7 |       |       |       |       |       ||     8
       Demon whip        |       |       |       |       |       |   897 |  1243 |  1062 |  1858 ||  5060
 Cast: Sandblast         |    51 |    53 |    12 |     1 |       |     4 |     1 |       |       ||   122
       Stone Arrow       |       |    12 |    69 |   135 |   104 |    24 |    53 |    14 |     1 ||   412
       Passwall          |       |       |       |     1 |     1 |     1 |       |       |       ||     3
       Iron Shot         |       |       |       |       |    25 |   148 |   222 |   140 |    79 ||   614
       Irradiate         |       |       |       |       |       |    20 |    28 |    17 |    26 ||    91
       Spellforged Servi |       |       |       |       |       |       |    57 |    30 |     6 ||    93
       Ignite Poison     |       |       |       |       |       |       |     1 |     2 |     1 ||     4
       Shatter           |       |       |       |       |       |       |       |    67 |   102 ||   169
       Borgnjor's Vile C |       |       |       |       |       |       |       |     5 |       ||     5
       Necromutation     |       |       |       |       |       |       |       |       |     1 ||     1
Invok: Bend Time         |       |       |       |     3 |     2 |       |       |       |       ||     5
       Slouch            |       |       |       |     1 |     3 |     3 |     2 |     2 |     7 ||    18
       Step From Time    |       |       |       |       |       |     2 |     1 |       |       ||     3
Evoke: Wand              |       |     4 |     7 |    18 |    33 |    22 |    36 |    17 |     4 ||   141
       Condenser vane    |       |       |       |       |       |     1 |     2 |       |       ||     3
  Use: Scroll            |     7 |     1 |     7 |    17 |     6 |    22 |    12 |    18 |    17 ||   107
       Potion            |       |       |       |    16 |     9 |    10 |     8 |     2 |    19 ||    64
 Stab: Sleeping          |       |       |       |     1 |     2 |     2 |     1 |     7 |     4 ||    17
       Paralysed         |       |       |       |    10 |     8 |     7 |       |       |       ||    25
       Distracted        |       |       |       |       |     2 |       |     8 |     4 |     6 ||    20
       Invisible         |       |       |       |       |       |     7 |       |       |       ||     7
       Held in net/web   |       |       |       |       |       |       |     1 |       |       ||     1
Armor: Robe              |     8 |     9 |   142 |   312 |   158 |   532 |   596 |   446 |   679 ||  2882
       Troll leather arm |       |       |       |   204 |   785 |       |       |       |       ||   989
Dodge: Dodged            |    10 |    14 |   148 |   501 |  1432 |   695 |   753 |   552 |   944 ||  5049
Block: Other             |       |     6 |    73 |   105 |       |       |       |       |       ||   184
       Reflection        |       |     1 |     1 |    11 |    28 |    47 |    23 |    32 |       ||   143
       Kite shield       |       |       |       |   475 |  2543 |  1329 |  1700 |   956 |  1553 ||  8556

Table legend: (Time is in decaauts)
 A = Elapsed time spent in this place.
 B = Non-inter-level travel time spent in this place.
 C = Inter-level travel time spent in this place.
 D = Time resting spent in this place.
 E = Time spent auto-exploring this place.
 F = Levels seen in this place.
 G = Mean time per level.
                   A        B        C        D        E       F      G
               +--------+--------+--------+--------+--------+-----+--------+
         Total | 120822 | 105876 |  14946 |  23081 |  59409 |  66 | 1830.6 |
       Dungeon |  29279 |  23186 |   6093 |   4408 |  14554 |  15 | 1951.9 |
        Temple |    132 |    123 |      9 |     42 |     58 |   1 |  132.0 |
          Lair |  14231 |  11761 |   2470 |   1045 |   8022 |   6 | 2371.8 |
         Swamp |   7022 |   6454 |    568 |   1140 |   4053 |   4 | 1755.5 |
   Spider Nest |   9488 |   9210 |    278 |   1399 |   6098 |   4 | 2372.0 |
    Slime Pits |   5762 |   5555 |    207 |   2455 |   1800 |   5 | 1152.4 |
  Orcish Mines |   3807 |   2957 |    850 |    205 |   1595 |   2 | 1903.5 |
   Elven Halls |   8874 |   7911 |    963 |   1869 |   4231 |   3 | 2958.0 |
        Vaults |  20057 |  17611 |   2446 |   5342 |   8605 |   5 | 4011.4 |
         Crypt |   4684 |   4476 |    208 |    508 |   2953 |   3 | 1561.3 |
        Depths |  13055 |  12251 |    804 |   3743 |   6138 |   4 | 3263.8 |
          Hell |   1112 |   1069 |     43 |    103 |    783 |   1 | 1112.0 |
      Ziggurat |    930 |    930 |      0 |    457 |      2 |   9 |  103.3 |
        Bazaar |    198 |    198 |      0 |      0 |     94 |   1 |  198.0 |
         Trove |    226 |    226 |      0 |    134 |      0 |   1 |  226.0 |
        Wizlab |   1326 |   1326 |      0 |     33 |    422 |   1 | 1326.0 |
      Gauntlet |    630 |    630 |      0 |    198 |      0 |   1 |  630.0 |
               +--------+--------+--------+--------+--------+-----+--------+

Top non-repeatable levels by time:
Vaults:4: 4966 daAuts
Vaults:1: 4657 daAuts
Vaults:2: 4334 daAuts
   Elf:3: 4195 daAuts
Depths:2: 4103 daAuts
Depths:3: 3749 daAuts
    D:14: 3693 daAuts
Vaults:3: 3220 daAuts
  Lair:1: 3046 daAuts
    D:13: 2949 daAuts
Vaults:5: 2879 daAuts
Spider:4: 2777 daAuts
Spider:2: 2700 daAuts
    D:12: 2699 daAuts
Depths:4: 2659 daAuts
